 Dungeon Crawl Stone Soup version 0.17-a0-427-ga655056 (webtiles) character file.

190 McCoppin the Insei (level 5, -1/40 HPs)
             Began as a Demigod Transmuter on Apr 3, 2015.
             Slain by a gnoll
             ... wielding a +0 halberd
              (12 damage)
             ... on level 4 of the Dungeon.
             The game lasted 00:11:38 (4764 turns).

McCoppin the Insei (Demigod Transmuter)             Turns: 4764, Time: 00:11:39

Health: -1/40      AC:  6    Str: 13    XL:     5   Next: 17%
Magic:  9/9        EV: 11    Int: 17    God:
Gold:   121        SH:  0    Dex: 18    Spells: 1 memorised, 6 levels left

rFire  . . .     SeeInvis .       - Unarmed
rCold  . . .     Clarity  .     A - +0 ring mail
rNeg   + . .     SustAb   +     (no shield)
rPois  .         Gourm    .     (no helmet)
rElec  .         Spirit   .     (no cloak)
rCorr  .         Warding  .     j - +0 pair of gloves
rMut   .         Stasis   .     (no boots)
MR     .....                    (no amulet)
Stlth  +.........               C - ring of wizardry
                                g - ring of positive energy (curse)

@: appendage (expiring), not resistant to hostile enchantments, very unstealthy
A: horns 2, high mp 1, sustain abilities
a: End Transformation


You were on level 4 of the Dungeon.
You were not hungry.
You had grown temporary horns.
You visited 1 branch of the dungeon, and saw 4 of its levels.

You collected 121 gold pieces.

Inventory:

Hand weapons
 B - a +2 dagger of speed
 F - a +0 blowgun
Missiles
 b - 29 arrows
 e - 15 arrows of frost
 p - 2 needles of frenzy
 u - 11 poisoned needles
 y - a throwing net (quivered)
 E - 2 curare-tipped needles
Armour
 c - a +0 robe
 j - a +0 pair of gloves (worn)
 z - a +0 chain mail
 A - a +0 ring mail (worn)
Jewellery
 g - a cursed ring of positive energy (left hand)
 C - a ring of wizardry (right hand)
Magical devices
 r - a wand of fireball (8)
 D - a wand of polymorph (14)
Scrolls
 i - a scroll of enchant armour
 m - a scroll of noise
 o - 6 scrolls of remove curse {unknown}
 s - 2 scrolls of fog
 t - a scroll of random uselessness {unknown}
Potions
 a - a potion of resistance
 f - a potion of degeneration {unknown}
 k - a potion of lignification {unknown}
 l - a potion of agility
 v - a potion of might
 w - a potion of curing
 x - 2 potions of heal wounds {unknown}
 G - a potion of restore abilities {unknown}
Books
 d - a book of Changes

   Spells                             Type                      Level
   a - Beastly Appendage              Transmutation                1
   b - Sticks to Snakes               Transmutation                2
   c - Spider Form                    Transmutation/Poison         3
   d - Ice Form                       Ice/Transmutation            4
   e - Blade Hands                    Transmutation                5
Comestibles
 h - 2 beef jerkies
 n - a meat ration
 q - 3 bread rations


   Skills:
 - Level 1.3 Fighting
 - Level 1.7 Dodging
 + Level 5.5 Unarmed Combat
 - Level 1.7 Spellcasting
 - Level 1.7 Transmutations


You had 6 spell levels left.
You knew the following spells:

 Your Spells              Type           Power        Failure   Level  Hunger
a - Beastly Appendage     Trmt           #.....       10%         1    #......


Dungeon Overview and Level Annotations

Branches:
Dungeon (4/15)             Temple (0/1) D:4


Innate Abilities, Weirdness & Mutations

You have an increased reservoir of magic (+10% MP).
Your attributes are resistant to harm.
You have a pair of horns on your head.


Message History

The gnoll closely misses you. The gnoll hits you but does no damage.
You barely miss the gnoll. The gnoll completely misses you.
The gnoll barely misses you.
You hit the gnoll. You headbutt the gnoll.
The gnoll is moderately wounded.
The gnoll hits you but does no damage.
You hit the gnoll.
The gnoll is severely wounded.
The gnoll closely misses you.
You hit the gnoll but do no damage. You headbutt the gnoll.
You kill the gnoll!
The gnoll barely misses you.
You closely miss the gnoll. Your headbutt misses the gnoll.
The gnoll closely misses you.
You hit the gnoll. You headbutt the gnoll!
The gnoll is severely wounded.
You hit the gnoll. Your headbutt misses the gnoll.
The gnoll is severely wounded.
The gnoll hits you with a halberd!
You die...

. .## ..#
#.# #.# #.#
##)##
##.<.##
#..@..#
#..g).......
##.....####
.......#
#.......#
#.......#
##.......
....... ...


You could see a gnoll.

Vanquished Creatures
  Jessica (D:2)
  2 gnolls (D:4)
  6 adders
  2 worms (D:2)
  4 giant geckos
  3 oozes
  An orc (D:4)
  A ball python (D:1)
  4 giant cockroaches
  9 goblins
  10 hobgoblins
  5 bats
  3 giant newts (D:2)
  14 kobolds
  A quokka (D:2)
  9 rats
75 creatures vanquished.

Notes
Turn   | Place    | Note
--------------------------------------------------------------
     0 | D:1      | McCoppin, the Demigod Transmuter, began the quest for the Orb.
     0 | D:1      | Reached XP level 1. HP: 15/15 MP: 5/5
    29 | D:1      | Reached skill level 1 in Fighting
   369 | D:1      | Reached skill level 3 in Unarmed Combat
   590 | D:1      | Reached XP level 2. HP: 14/23 MP: 4/6
  1592 | D:2      | Reached XP level 3. HP: 25/28 MP: 5/7
  2073 | D:2      | Reached skill level 4 in Unarmed Combat
  2156 | D:2      | Noticed Jessica
  2170 | D:2      | Killed Jessica
  2207 | D:2      | Reached XP level 4. HP: 21/35 MP: 6/8
  2445 | D:2      | Found an iron altar of Okawaru.
  2445 | D:2      | Found a glowing silver altar of Zin.
  2445 | D:2      | Found a deep blue altar of Sif Muna.
  2938 | D:2      | Reached skill level 5 in Unarmed Combat
  3296 | D:3      | Found a sparkling altar of Nemelex Xobeh.
  4078 | D:4      | Reached XP level 5. HP: 28/40 MP: 7/9
  4259 | D:4      | Found a staircase to the Ecumenical Temple.
  4426 | D:4      | Noticed a phantom
  4764 | D:4      | Slain by a gnoll

Action                   |  1- 3 |  4- 6 || total
-------------------------+-------+-------++-------
Melee: Unarmed           |   149 |   156 ||   305
 Cast: Beastly Appendage |    12 |    12 ||    24
  Use: Scroll            |       |     4 ||     4
       Potion            |       |     2 ||     2
 Stab: Sleeping          |       |     2 ||     2
  Eat: Chunk             |     1 |     4 ||     5
       Bread ration      |     1 |       ||     1
       Fruit             |       |     1 ||     1
       Meat ration       |       |     1 ||     1
